 Dungeon Crawl Stone Soup version 0.23-a0-305-g7ffd15e (webtiles) character file.

124393 epen the Grappler (level 16, -13/125 HPs)
             Began as a Gnoll Transmuter on Oct 9, 2018.
             Was the Champion of Cheibriados.
             Shot with a sling bullet by a satyr (23 damage)
             ... on level 3 of the Shoals.
             The game lasted 01:06:52 (24891 turns).

epen the Grappler (Gnoll Transmuter)               Turns: 24891, Time: 01:06:53

Health: -13/125    AC: 18    Str: 33    XL:     16   Next: 93%
Magic:  32/32      EV: 30    Int: 32    God:    Cheibriados [******]
Gold:   1401       SH: 10    Dex: 36    Spells: 10/39 levels left

rFire    . . .     SeeInvis .     - Unarmed
rCold    + . .     Gourm    .   n - +0 buckler
rNeg     . . .     Faith    +   O - +2 troll leather armour
rPois    .         Spirit   .   o - +0 helmet
rElec    .         Reflect  .   t - +0 cloak
rCorr    .         Harm     .   F - +0 pair of gloves
MR       +....                  x - +2 pair of boots {Stlth+}
Stlth    +++.......             j - amulet of faith
HPRegen  0.70/turn              y - ring of protection from cold
MPRegen  0.23/turn              G - +5 ring of dexterity

@: afraid, mesmerised, very slightly contaminated, slowed, glowing, very slow
A: distributed training, fangs 1, repulsion field 1, icy blue scales 1, strong
nose
a: Bend Time, Temporal Distortion, Slouch, Step From Time, Renounce Religion


You were on level 3 of the Shoals.
You worshipped Cheibriados.
Cheibriados was exalted by your worship.
You were not hungry.

You visited 4 branches of the dungeon, and saw 26 of its levels.
You also visited: Sewer.

You collected 2259 gold pieces.
You spent 858 gold pieces at shops.

Inventory:

Missiles
 a - 300 arrows
 B - a throwing net
 X - 3 silver javelins
 Y - 32 javelins (quivered)
Armour
 n - a +0 buckler (worn)
 o - a +0 helmet (worn)
 q - a +0 shield of reflection
 t - a +0 cloak (worn)
 x - a +2 pair of boots of stealth (worn)
 F - a +0 pair of gloves (worn)
 O - a +2 troll leather armour (worn)
Jewellery
 f - an uncursed ring of ice
 j - an amulet of faith (around neck)
 m - an uncursed ring of positive energy
 y - a ring of protection from cold (left hand)
 G - a +5 ring of dexterity (right hand)
 H - a +5 ring of intelligence {unknown}
 J - an uncursed ring of protection from cold
 R - an uncursed ring of resist corrosion
 Z - an uncursed ring of flight
Wands
 p - a wand of flame (66)
 r - a wand of enslavement (9)
 u - a wand of disintegration (24)
 A - a wand of paralysis (20)
 I - a wand of acid (20)
 K - a wand of scattershot (2)
 L - a wand of clouds (7)
 T - a wand of digging (13)
Scrolls
 e - 7 scrolls of teleportation
 h - 4 scrolls of remove curse
 i - 7 scrolls of magic mapping
 l - 6 scrolls of amnesia
 D - a scroll of holy word
 Q - 4 scrolls of blinking
 S - 2 scrolls of enchant armour
 U - 2 scrolls of fear
 W - 4 scrolls of identify
Potions
 d - a potion of magic
 g - 2 potions of brilliance
 k - 12 potions of curing
 v - 2 potions of mutation
 w - 5 potions of flight
 z - 3 potions of ambrosia
 C - a potion of invisibility
 E - 3 potions of agility
 N - 2 potions of might
 P - a potion of cancellation
 V - 7 potions of resistance
Miscellaneous
 b - a phial of floods
 s - a lightning rod (4/4)
Comestibles
 c - 49 rations


   Skills:
 + Level 11.3 Fighting
 + Level 11.0 Short Blades
 + Level 11.0 Long Blades
 + Level 11.0 Axes
 + Level 11.0 Maces & Flails
 + Level 11.0 Polearms
 + Level 11.0 Staves
 + Level 11.0 Slings
 + Level 11.0 Bows
 + Level 11.0 Crossbows
 + Level 11.0 Throwing
 + Level 11.0 Armour
 + Level 11.8 Dodging
 + Level 11.0 Stealth
 + Level 11.0 Shields
 + Level 12.5 Unarmed Combat
 + Level 12.0 Spellcasting
 + Level 9.4 Conjurations
 + Level 9.4 Hexes
 + Level 9.4 Charms
 + Level 9.4 Summonings
 + Level 9.4 Necromancy
 + Level 9.4 Translocations
 + Level 10.1 Transmutations
 + Level 9.4 Fire Magic
 + Level 9.4 Ice Magic
 + Level 9.4 Air Magic
 + Level 9.4 Earth Magic
 + Level 9.4 Poison Magic
 + Level 11.9 Invocations
 + Level 11.0 Evocations


You had 10 spell levels left.
You knew the following spells:

 Your Spells              Type           Power        Failure   Level  Hunger
a - Blade Hands           Tmut           ######....   1%          5    #......
b - Regeneration          Chrm/Necr      ######....   1%          3    None
c - Statue Form           Tmut/Erth      ######...    8%          6    ####...
d - Spider Form           Tmut/Pois      ######....   1%          3    None
e - Ice Form              Ice/Tmut       ######..     1%          4    None
f - Sticks to Snakes      Tmut           ######..     1%          2    None
g - Deflect Missiles      Chrm/Air       ######....   9%          6    ####...

Your spell library contained the following spells:

 Spells                   Type           Power        Failure   Level  Hunger
 Animate Skeleton         Necr           N/A          1%          1    None
 Beastly Appendage        Tmut           ######       1%          1    None
 Confusing Touch          Hex            ######       1%          1    None
 Corona                   Hex            ######.      1%          1    None
 Infusion                 Chrm           ####         1%          1    None
 Pain                     Necr           ####         1%          1    None
 Corpse Rot               Necr           N/A          1%          2    None
 Ensorcelled Hibernation  Hex/Ice        ######       1%          2    None
 Passwall                 Tmut/Erth      ######..     1%          2    None
 Poisonous Vapours        Pois/Air       ######       1%          2    None
 Shroud of Golubria       Chrm/Tloc      ######....   1%          2    None
 Song of Slaying          Chrm           ######..     1%          2    None
 Sublimation of Blood     Necr           ######....   1%          2    None
 Confuse                  Hex            ######..     1%          3    None
 Conjure Flame            Conj/Fire      ######..     1%          3    None
 Dazzling Spray           Conj/Hex       ######       1%          3    None
 Gell's Gravitas          Tloc           ######....   1%          3    None
 Ignite Poison            Fire/Tmut/Pois ######..     1%          3    None
 Mephitic Cloud           Conj/Pois/Air  ######..     1%          3    None
 Spectral Weapon          Hex/Chrm       ######..     1%          3    None
 Tukima's Dance           Hex            ######..     1%          3    None
 Vampiric Draining        Necr           ######....   1%          3    None
 Animate Dead             Necr           N/A          1%          4    None
 Cause Fear               Hex            ######....   1%          4    None
 Petrify                  Tmut/Erth      ######..     1%          4    None
 Agony                    Necr           ######..     1%          5    #......
 Bolt of Draining         Conj/Necr      ######....   1%          5    #......
 Bolt of Magma            Conj/Fire/Erth ######....   1%          5    #......
 Dispel Undead            Necr           ######..     1%          5    #......
 Excruciating Wounds      Chrm/Necr      ######....   1%          5    #......
 Irradiate                Conj/Tmut      ######....   1%          5    #......
 Iskenderun's Battlesphe  Conj/Chrm      ######..     1%          5    #......
 Metabolic Englaciation   Hex/Ice        ######....   1%          5    #......
 Silence                  Hex/Air        ######....   1%          5    #......
 Venom Bolt               Conj/Pois      ######....   1%          5    #......
 Yara's Violent Unravell  Hex/Tmut       ######....   1%          5    #......
 Hydra Form               Tmut           ######....   6%          6    ####...
 Freezing Cloud           Conj/Ice/Air   ######....   9%          6    ####...
 Iron Shot                Conj/Erth      ######....   9%          6    ####...
 Dragon Form              Tmut           ######....   34%         7    ######.
 Orb of Destruction       Conj           ######....   43%         7    ######.
 Ring of Flames           Chrm/Fire      ######....   43%         7    ######.
 Spellforged Servitor     Conj/Summ      ######....   43%         7    ######.
 Discord                  Hex            ######....   98%         8    #######


Dungeon Overview and Level Annotations

Branches:
Dungeon (15/15)            Temple (0/1) D:5            Lair (6/6) D:8
 Shoals (3/4) Lair:2        Snake (0/4) Lair:4        Slime (0/5) Lair:5
    Orc (2/2) D:9             Elf (0/3) Orc:2        Vaults (0/5) D:13
 Depths: D:15

Altars:
Ashenzari
Cheibriados
Dithmenos
Elyvilon
Fedhas
Gozag
Makhleb
Okawaru
Ru
Trog
Uskayaw
Zin
The Shining One
Jiyva

Shops:
D:4 ?   D:14 *   Orc:2 (!%?   Shoals:1 **   Shoals:2 =[(

Annotations:
D:5 Grinder
D:12 exclusion: obsidian statue
Lair:5 exclusion: oklob plant
Lair:6 exclusion: 2 oklob plants
Shoals:1 3 runed doors, exclusion: obsidian statue, Ostualona's ghost, adept DEFE


Innate Abilities, Weirdness & Mutations

Your experience applies equally to all skills.
You have very sharp teeth.
Your uncanny sense of smell can sniff out nearby items.
You are surrounded by a mild repulsion field. (EV +2)
You are partially covered in icy blue scales. (AC +2)


Message History

The faun hits you from afar with a spear.
The merfolk siren chants its luring song.
The satyr shoots a sling bullet.
The sling bullet hits you!!
The faun shoots a stone.
The stone hits you.
* * * LOW HITPOINT WARNING * * *
The merfolk hits you from afar with a trident!
* * * LOW HITPOINT WARNING * * *
The faun hits you from afar with a spear!
* * * LOW HITPOINT WARNING * * *
The merfolk siren chants its luring song.
Blink to where?
Press: ? - help, Dir - move target cursor You cannot blink away from the merfolk siren!
Blink to where?
Press: ? - help, Dir - move target cursor You are very lightly contaminated with residual magic.
As you read the scroll of blinking, it crumbles to dust.
The faun shoots a stone.
The stone hits you but does no damage.
The satyr shoots a sling bullet.
The sling bullet hits you!!
You die...

≈≈≈≈≈≈≈≈≈≈≈≈≈≈≈≈≈≈≈≈≈≈≈≈≈≈
≈≈≈≈≈≈≈≈≈≈≈...≈≈≈≈≈≈≈≈≈≈≈≈
≈≈≈≈≈≈≈≈≈≈.....≈≈≈≈P≈≈≈≈≈≈
≈≈≈≈≈≈≈≈≈≈(.#....≈≈≈≈≈P.≈≈
≈≈≈≈≈≈≈≈≈≈....P...P......≈
≈≈≈≈≈≈≈≈((.P.P.P.....###.≈
.≈≈≈≈≈≈)(........P...# #..
......≈....PPPP....≈.###..
.....m.§.@.PPP#PPP≈≈≈..P.P
............####.P.≈≈.....
.≈..##ccc≈..# #.P.≈≈.).#.
... #.m....## ....≈≈≈≈≈...
.≈ ...c...........≈≈≈≈≈≈≈≈
≈ .....≈......≈≈≈≈≈≈≈≈≈≈≈≈
....≈≈....≈≈.≈≈≈≈≈≈≈P≈≈≈
...≈≈≈≈≈..≈≈.≈≈≈≈≈≈≈≈≈≈≈≈
≈≈≈≈≈≈≈.≈≈≈≈≈≈≈≈≈≈≈≈≈≈≈≈≈≈


You could see a satyr, a merfolk, 3 fauns and a merfolk siren.

Vanquished Creatures
  Rupert (D:15)
  Frances (Shoals:1)
  Polyphemus (Shoals:2)
  Donald (Orc:2)
  Roxanne (D:14)
  Kirke (D:14)
  An orc warlord (Orc:1)
  Snorg (D:11)
  3 merfolk javelineers
  An ettin (Orc:2)
  A slime creature (D:12)
  8 merfolk impalers
  3 vault guards (D:13)
  Fannar (D:11)
  5 hydras
  An ice dragon (D:15)
  5 merfolk avatars
  2 alligator snapping turtles (Shoals:2)
  A catoblepas (Shoals:2)
  Erica (Lair:1)
  6 two-headed ogres
  3 death yaks (Shoals:2)
  Urug (Lair:6)
  3 orc high priests (Orc:2)
  Sonja (Lair:4)
  Nergalle (Lair:4)
  2 unseen horrors
  3 wizards
  5 sea snakes
  5 orc knights
  3 wolf spider zombies
  3 harpies (Lair:6)
  2 necromancers (D:13)
  2 deep elf magi
  6 fauns
  7 cyclopes
  2 ugly things
  3 orc sorcerers (Orc:2)
  13 manticores
  Maurice (D:11)
  2 black mambas
  6 merfolk sirens
  4 centaur zombies
  4 elephants
  2 water nymphs
  A kobold demonologist (D:11)
  2 gargoyles
  8 spiny frogs
  3 rime drakes (Lair:6)
  6 yaktaurs
  13 komodo dragons
  A queen bee (Lair:3)
  7 trolls
  4 polar bears
  3 meliai (D:14)
  6 wind drakes
  16 merfolk
  2 hornets (Lair:6)
  5 snapping turtles
  18 blink frogs
  15 hippogriffs
  A centaur simulacrum (D:14)
  6 dream sheep
  A shadow (D:13)
  5 water elementals
  A redback (shapeshifter) (D:13)
  A wraith (D:12)
  4 basilisks
  17 humans (D:13)
  3 wyverns
  28 yaks
  Eustachio (D:5)
  Grum (D:9)
  A hungry ghost (D:9)
  2 hogs (D:14)
  4 vampire mosquitoes (D:14)
  6 wargs
  A soldier ant (D:13)
  2 acid dragons
  3 nagas (Lair:4)
  20 water moccasins
  A swamp drake (D:9)
  7 porcupines
  26 orc warriors
  A hornet zombie (D:12)
  2 ice beasts
  Purgy (Sewer)
  A sky beast (D:8)
  An eye of draining (D:13)
  2 black bears
  2 wolves (D:9)
  7 centaurs
  9 ogres
  14 crocodiles
  7 big kobolds
  21 bullfrogs
  A wyvern skeleton (D:13)
  A water moccasin zombie (D:6)
  8 scorpions
  33 killer bees
  7 wights
  An electric eel (Lair:2)
  4 howler monkeys
  7 crimson imps
  24 orc priests
  2 quasits
  A bullfrog zombie (D:6)
  A jelly (D:12)
  21 orc wizards
  4 centaur skeletons
  2 bullfrog skeletons (D:13)
  6 hounds
  2 iguanas
  13 worker ants
  A killer bee zombie (D:10)
  A hound zombie (D:8)
  2 hound skeletons
  A howler monkey zombie (D:6)
  11 adders
  22 gnolls
  6 shadow imps
  2 oozes (D:1)
  2 adder zombies
  3 worms
  2 dart slugs
  6 leopard geckos
  87 orcs
  8 giant cockroaches
  10 goblins
  9 hobgoblins
  21 jackals
  21 kobolds
  6 quokkas
  3 ball pythons
  7 bats
  10 frilled lizards
  2 goblin zombies (D:5)
  2 hobgoblin zombies (D:5)
  A jackal skeleton (D:9)
  2 kobold skeletons (D:5)
  A kobold zombie (D:5)
  A leopard gecko skeleton (D:4)
  An orc skeleton (D:5)
  A quokka skeleton (D:7)
  7 rats
  A fungus (Lair:6)
848 creatures vanquished.

Vanquished Creatures (others)
  An unseen horror (D:12)
  A human (D:14)
  A crimson imp (D:14)
  A shadow imp (D:14)
  12 fungi
  12 plants
28 creatures vanquished.

Grand Total: 876 creatures vanquished

Notes
Turn   | Place    | Note
-------+----------+-------------------------------------------
     0 | D:1      | epen the Gnoll Transmuter began the quest for the Orb.
     0 | D:1      | Reached XP level 1. HP: 17/17 MP: 6/6
   123 | D:1      | Reached XP level 2. HP: 23/23 MP: 7/7
   367 | D:1      | Reached XP level 3. HP: 25/28 MP: 9/9
   372 | D:1      | Reached skill level 5 in Spellcasting
   635 | D:2      | Reached skill level 1 in Invocations
   889 | D:2      | Learned a level 3 spell: Spider Form
   921 | D:2      | Reached skill level 1 in Short Blades
   921 | D:2      | Reached skill level 1 in Long Blades
   921 | D:2      | Reached skill level 1 in Axes
   921 | D:2      | Reached skill level 1 in Maces & Flails
   921 | D:2      | Reached skill level 1 in Polearms
   921 | D:2      | Reached skill level 1 in Staves
   921 | D:2      | Reached skill level 1 in Slings
   921 | D:2      | Reached skill level 1 in Bows
   921 | D:2      | Reached skill level 1 in Crossbows
   921 | D:2      | Reached skill level 1 in Throwing
   921 | D:2      | Reached skill level 1 in Armour
   921 | D:2      | Reached skill level 1 in Stealth
   921 | D:2      | Reached skill level 1 in Shields
   921 | D:2      | Reached skill level 1 in Evocations
   984 | D:2      | Reached XP level 4. HP: 28/34 MP: 11/11
  1081 | D:2      | Reached skill level 1 in Conjurations
  1081 | D:2      | Reached skill level 1 in Hexes
  1081 | D:2      | Reached skill level 1 in Charms
  1081 | D:2      | Reached skill level 1 in Summonings
  1081 | D:2      | Reached skill level 1 in Necromancy
  1081 | D:2      | Reached skill level 1 in Translocations
  1081 | D:2      | Reached skill level 1 in Fire Magic
  1081 | D:2      | Reached skill level 1 in Ice Magic
  1081 | D:2      | Reached skill level 1 in Air Magic
  1081 | D:2      | Reached skill level 1 in Earth Magic
  1081 | D:2      | Reached skill level 1 in Poison Magic
  1301 | D:2      | Learned a level 2 spell: Sticks to Snakes
  1305 | D:2      | Reached XP level 5. HP: 35/40 MP: 8/12
  2054 | D:3      | Reached XP level 6. HP: 35/47 MP: 9/13
  2206 | D:3      | Found a sacrificial altar of Ru.
  2243 | D:3      | Found a glowing silver altar of Zin.
  2245 | D:3      | Found a snail-covered altar of Cheibriados.
  2246 | D:3      | Found an opulent altar of Gozag.
  2278 | D:3      | Reached skill level 5 in Dodging
  2489 | D:3      | Became a worshipper of Cheibriados the Contemplative
  2895 | D:3      | Found a blossoming altar of Fedhas.
  3112 | D:4      | Found Nautselo's Magic Scroll Shop.
  3121 | D:4      | Reached * piety under Cheibriados
  3121 | D:4      | Reached XP level 7. HP: 39/52 MP: 15/15
  3268 | D:4      | Bought a scroll of identify for 24 gold pieces
  3268 | D:4      | Bought a scroll of magic mapping for 42 gold pieces
  3268 | D:4      | Bought a scroll of fear for 42 gold pieces
  3272 | D:4      | Reached skill level 5 in Fighting
  3272 | D:4      | Reached skill level 5 in Short Blades
  3272 | D:4      | Reached skill level 5 in Long Blades
  3272 | D:4      | Reached skill level 5 in Axes
  3272 | D:4      | Reached skill level 5 in Maces & Flails
  3272 | D:4      | Reached skill level 5 in Polearms
  3272 | D:4      | Reached skill level 5 in Staves
  3272 | D:4      | Reached skill level 5 in Slings
  3272 | D:4      | Reached skill level 5 in Bows
  3272 | D:4      | Reached skill level 5 in Crossbows
  3272 | D:4      | Reached skill level 5 in Throwing
  3272 | D:4      | Reached skill level 5 in Armour
  3272 | D:4      | Reached skill level 5 in Stealth
  3272 | D:4      | Reached skill level 5 in Shields
  3272 | D:4      | Reached skill level 5 in Transmutations
  3272 | D:4      | Reached skill level 5 in Invocations
  3272 | D:4      | Reached skill level 5 in Evocations
  3272 | D:4      | Reached XP level 8. HP: 64/64 MP: 15/18
  3279 | D:4      | Learned a level 5 spell: Blade Hands
  3319 | D:4      | Learned a level 4 spell: Ice Form
  3723 | D:5      | Entered Level 5 of the Dungeon
  3798 | D:5      | Noticed Eustachio
  3813 | D:5      | Killed Eustachio
  3845 | D:5      | Noticed Grinder
  3901 | D:5      | Found a staircase to the Ecumenical Temple.
  3945 | D:5      | Found a glowing golden altar of the Shining One.
  3950 | D:5      | Reached ** piety under Cheibriados
  4113 | D:5      | Found a bloodstained altar of Trog.
  4486 | D:6      | Reached *** piety under Cheibriados
  4567 | D:6      | Found a glowing drain.
  4576 | Sewer    | Entered a sewer
  4591 | Sewer    | Noticed Purgy
  4596 | Sewer    | Killed Purgy
  4804 | D:6      | Reached XP level 9. HP: 61/69 MP: 20/20
  5091 | D:6      | Reached **** piety under Cheibriados
  5345 | D:6      | Found a shattered altar of Ashenzari.
  5345 | D:6      | Found an iron altar of Okawaru.
  6022 | D:7      | Reached ***** piety under Cheibriados
  6561 | D:8      | Reached XP level 10. HP: 74/77 MP: 17/21
  6651 | D:8      | Noticed a three-headed hydra
  6724 | D:8      | Gained mutation: You are partially covered in icy blue
                  | scales. (AC +2) [potion of mutation]
  6724 | D:8      | Gained mutation: You are surrounded by a mild repulsion
                  | field. (EV +2) [potion of mutation]
  6732 | D:8      | Killed a one-headed hydra
  6892 | D:8      | Reached skill level 5 in Conjurations
  6892 | D:8      | Reached skill level 5 in Hexes
  6892 | D:8      | Reached skill level 5 in Charms
  6892 | D:8      | Reached skill level 5 in Summonings
  6892 | D:8      | Reached skill level 5 in Necromancy
  6892 | D:8      | Reached skill level 5 in Translocations
  6892 | D:8      | Reached skill level 5 in Fire Magic
  6892 | D:8      | Reached skill level 5 in Ice Magic
  6892 | D:8      | Reached skill level 5 in Air Magic
  6892 | D:8      | Reached skill level 5 in Earth Magic
  6892 | D:8      | Reached skill level 5 in Poison Magic
  6896 | D:8      | Found a staircase to the Lair.
  6958 | D:8      | Found an iron altar of Okawaru.
  6966 | D:8      | Learned a level 3 spell: Regeneration
  7070 | D:8      | namelastname112: ??blade hands
  7072 | D:8      | beem: blade hands[1/3]: A potent level 5 transmutation that
                  | grants a massive increase to unarmed damage but reduces
                  | spell success, melds gloves, weapons and shields. Base
                  | damage is 22 + UC. Does not stack with claws.
  7276 | D:8      | namelastname112: ??blade hands [2
  7276 | D:8      | beem: blade hands[2/3]: Before 0.22, also prevents wand use
                  | while active.
  7286 | D:8      | namelastname112: ??blade hands [3
  7286 | D:8      | beem: blade hands[3/3]: If you are a felid you take a
                  | stealth penalty for having blade hands active (You walk on
                  | your hands). Flight gives the stealth back again.
  7768 | D:9      | Found a white marble altar of Elyvilon.
  8041 | D:9      | Found a hide-covered altar of Uskayaw.
  8083 | D:9      | Noticed Grum
  8098 | D:9      | Killed Grum
  8245 | D:9      | Reached XP level 11. HP: 83/83 MP: 18/23
  8251 | D:9      | Reached ****** piety under Cheibriados
  8505 | D:9      | Found a staircase to the Orcish Mines.
  8724 | D:9      | Found a shadowy altar of Dithmenos.
  8725 | D:9      | Noticed a deep elf mage
  8730 | D:9      | Killed a deep elf mage
  8794 | D:10     | Entered Level 10 of the Dungeon
  9650 | D:10     | epen: [[[
  9789 | D:11     | Killed an unseen horror
  9811 | D:11     | Noticed a brown ugly thing
  9818 | D:11     | Killed a brown ugly thing
  9856 | D:11     | Noticed a two-headed ogre
  9863 | D:11     | Killed a two-headed ogre
 10050 | D:11     | Noticed Snorg
 10059 | D:11     | Killed Snorg
 10195 | D:11     | Noticed Maurice
 10396 | D:11     | Reached XP level 12. HP: 85/91 MP: 20/24
 10485 | D:11     | Noticed Fannar
 10497 | D:11     | Killed Fannar
 10688 | D:11     | Killed Maurice
 11029 | Lair:1   | Entered Level 1 of the Lair of Beasts
 11376 | Lair:1   | Noticed Erica
 11385 | Lair:1   | Killed Erica
 11642 | Lair:1   | Reached skill level 10 in Unarmed Combat
 12550 | Lair:2   | Got a distressingly furry scale mail
 12561 | Lair:2   | Identified the +2 scale mail "Homn" {rCorr Stlth+} (You
                  | found it on level 2 of the Lair of Beasts)
 12650 | Lair:2   | Found a staircase to the Shoals.
 13171 | Lair:3   | Noticed a five-headed hydra
 13221 | Lair:3   | Reached XP level 13. HP: 99/99 MP: 16/26
 14090 | Lair:3   | Got a spiked ring mail
 14101 | Lair:3   | Identified the cursed +1 ring mail of the Orb {+Fly MR-
                  | rCorr Stlth+} (You found it on level 3 of the Lair of
                  | Beasts)
 14198 | Lair:4   | Noticed Nergalle
 14206 | Lair:4   | Killed Nergalle
 14308 | Lair:4   | Found a staircase to the Snake Pit.
 14483 | Lair:4   | Learned a level 6 spell: Statue Form
 14601 | Lair:4   | Noticed Sonja
 14610 | Lair:4   | Killed Sonja
 15450 | Lair:5   | Found a viscous altar of Jiyva.
 15453 | Lair:5   | Found a staircase to the Slime Pits.
 15823 | Lair:6   | Entered Level 6 of the Lair of Beasts
 15853 | Lair:6   | Noticed Urug
 15861 | Lair:6   | Killed Urug
 15886 | Lair:6   | Reached skill level 10 in Spellcasting
 15890 | Lair:6   | Paralysed by a hornet for 1 turns
 16022 | Lair:6   | namelastname112: @??very ugly thing
 16029 | Lair:6   | beem: green very ugly thing (u)
                  | Spd: 10 (move: 90%)
                  | HD:
                  | 18
                  | HP: 80-118
                  | AC/EV: 6/10
                  | Dam: 27(strong
                  | poison:66-117)
                  | doors
                  | Res: magic(40), poison++
                  | Vul:
                  | silver
                  | Chunks: noxious
                  | XP:
  1438 | Sz: Large | Int:
                  | animal.
 16119 | Lair:6   | Reached XP level 14. HP: 89/108 MP: 25/28
 16182 | Lair:6   | Reached skill level 10 in Dodging
 16196 | Lair:6   | namelastname112: ??unclean
 16197 | Lair:6   | beem: I don't have a page labeled unclean in my learndb.
 16233 | Lair:6   | namelastname112: ??silver
 16236 | Lair:6   | beem: silver[1/2]: +5% damage per mutation, not counting
                  | racial mutations except for demonspawns' (up to +75%); +75%
                  | vs chaotic things (marked as such in their description)
                  | including shapeshifters, mutators, ugly things,
                  | abominations, Tiamat, Killer Klowns, apocalypse crabs,
                  | chaos spawns, demonspawn enemies, orbs of fire, the royal
                  | jelly.
 17538 | D:12     | Reached skill level 10 in Invocations
 18925 | D:13     | Found a gate to the Vaults.
 18941 | D:13     | HP: 1/109 [vault guard/glaive (8)]
 19140 | D:13     | Reached skill level 10 in Fighting
 19322 | D:13     | Reached XP level 15. HP: 115/115 MP: 24/29
 19849 | D:14     | Found Perch's General Store.
 19893 | D:14     | Noticed Roxanne
 19920 | D:14     | Noticed Kirke
 19931 | D:14     | Killed Kirke
 20300 | D:14     | Found an opulent altar of Gozag.
 20437 | D:14     | Found a shattered altar of Ashenzari.
 20532 | D:14     | Killed Roxanne
 20533 | D:14     | Identified Roxanne's Incunabulum of Transformation (You
                  | took it off Roxanne on level 14 of the Dungeon)
 20542 | D:14     | Learned a level 6 spell: Deflect Missiles
 20584 | D:15     | Entered Level 15 of the Dungeon
 20584 | D:15     | Noticed Rupert
 20592 | D:15     | Killed Rupert
 20595 | D:15     | Reached skill level 10 in Short Blades
 20595 | D:15     | Reached skill level 10 in Long Blades
 20595 | D:15     | Reached skill level 10 in Axes
 20595 | D:15     | Reached skill level 10 in Maces & Flails
 20595 | D:15     | Reached skill level 10 in Polearms
 20595 | D:15     | Reached skill level 10 in Staves
 20595 | D:15     | Reached skill level 10 in Slings
 20595 | D:15     | Reached skill level 10 in Bows
 20595 | D:15     | Reached skill level 10 in Crossbows
 20595 | D:15     | Reached skill level 10 in Throwing
 20595 | D:15     | Reached skill level 10 in Armour
 20595 | D:15     | Reached skill level 10 in Stealth
 20595 | D:15     | Reached skill level 10 in Shields
 20595 | D:15     | Reached skill level 10 in Evocations
 21079 | Orc:1    | Entered Level 1 of the Orcish Mines
 21241 | Orc:1    | Found a burning altar of Makhleb.
 21350 | Orc:2    | Entered Level 2 of the Orcish Mines
 21350 | Orc:2    | Found a staircase to the Elven Halls.
 21357 | Orc:2    | Found a bloodstained altar of Trog.
 21415 | Orc:2    | Noticed Donald
 21422 | Orc:2    | Killed Donald
 21991 | Orc:2    | Found Xiumnuext's Magic Scroll Boutique.
 21991 | Orc:2    | Found Tiwacepp's Food Shoppe.
 21993 | Orc:2    | Found Ruluex's Distillery.
 21993 | Orc:2    | Found Ostruoch's Antique Weapon Shoppe.
 21999 | Orc:2    | Bought a scroll of teleportation for 45 gold pieces
 21999 | Orc:2    | Bought a scroll of teleportation for 45 gold pieces
 22007 | Orc:2    | Bought a potion of curing for 48 gold pieces
 22007 | Orc:2    | Bought a potion of resistance for 160 gold pieces
 22007 | Orc:2    | Bought a potion of agility for 64 gold pieces
 22007 | Orc:2    | Bought a potion of curing for 48 gold pieces
 22007 | Orc:2    | Bought a potion of agility for 64 gold pieces
 22007 | Orc:2    | Bought a potion of curing for 48 gold pieces
 22007 | Orc:2    | Bought a potion of might for 64 gold pieces
 22009 | Orc:2    | Bought a scroll of enchant armour for 112 gold pieces
 22009 | Orc:2    | Bought a scroll of magic mapping for 52 gold pieces
 22340 | Orc:1    | Noticed an orc warlord
 22439 | Orc:1    | Killed an orc warlord
 22661 | Shoals:1 | Entered Level 1 of the Shoals
 22695 | Shoals:1 | Identified a scroll of acquirement
 22791 | Shoals:1 | Reached XP level 16. HP: 124/124 MP: 28/31
 22822 | Shoals:1 | Found a runed gate.
 22823 | Shoals:1 | Found a runed gate.
 22823 | Shoals:1 | Found an opulent altar of Gozag.
 22824 | Shoals:1 | Found a runed gate.
 22826 | Shoals:1 | Found Oposear's Assorted Antiques.
 22826 | Shoals:1 | Noticed Ostualona's ghost (adept DEFE)
 22827 | Shoals:1 | Found Acupan's Assorted Antiques.
 22897 | Shoals:1 | Noticed Frances
 22907 | Shoals:1 | Killed Frances
 23316 | Shoals:1 | Noticed a kraken
 23387 | Shoals:2 | Found Roqorr's Antique Weapon Boutique.
 23392 | Shoals:2 | Found Leka's Antique Armour Boutique.
 23410 | Shoals:2 | Found the +8 glaive of the Guard {elec, +Rage AC+5 SInv}
 23560 | Shoals:2 | Noticed Polyphemus
 23577 | Shoals:2 | Killed Polyphemus
 23696 | Shoals:2 | Found Adiakhev's Jewellery Shop.
 23840 | Shoals:2 | Reached skill level 10 in Transmutations
 24891 | Shoals:3 | Shot with a sling bullet by a satyr

Vault maps used:
D:1:      minmay_arrival_up_and_down, minmay_pentomino_x2
D:2:      serial_park_tiny_1, minmay_misc_feat_tower
D:3:      grunt_temple_overflow_open, lemuel_round_altar, serial_glass,
          glass_columns_c, glass_columns_a
D:4:      serial_shops, shop_scrolls
D:5:      nicolae_tso_besieged_by_evil, lightli_temple_of_fire,
          minmay_temple_entry_large_hall, first_ration, uniq_grinder,
          uniq_eustachio
D:6:      gammafunk_temple_overflow_wave, cheibrodos_sewer_entry_drain
D:8:      lair_entry_dummy, serial_aquarium, aquarium_bridge_long_joined,
          aquarium_window_fake, aquarium_window_2, aquarium_view_2d,
          aquarium_view_2e, hangedman_ranch, nicolae_zen_rock_garden,
          kennysheep_okawaru_gauntlet
D:9:      elyvilon_altar_5, old_standard_altar, erik_orc_1,
          david_defended_altar_elf, uniq_grum
D:11:     kennysheep_generic_room_2, uniq_fannar, uniq_maurice, uniq_snorg
D:12:     minmay_protected_statue
D:13:     grunt_vaults_entry_tiered, evilmike_minifort
D:14:     basic_altar, serial_park_central, serial_shops, shop_statue,
          evilmike_ruin_ashenzari, uniq_roxanne, uniq_kirke
D:15:     grunt_enter_depths_snipers, grunt_decor_resistance, uniq_rupert,
          uniq_nessos
Lair:1:   uniq_erica
Lair:2:   elwin_shoals_entry_rooms, gammafunk_lair_bear_cave
Lair:3:   infiniplex_staircase_pool, grunt_megastairs_5, serial_bayou_shore_b
Lair:4:   guppyfry_snake_entry_island, grunt_forest_stairs_basic,
          grunt_megastairs_4, serial_bayou_shore_b, uniq_sonja, uniq_nergalle
Lair:5:   slime_altar_1, lemuel_fruit_fields, lemuel_fruit_tree
Lair:6:   gammafunk_lair_ancient_temple, grunt_forest_small_clearing_treed,
          minmay_lair_oklob_chamber, uniq_urug
Shoals:1: ebering_ghost_gozag, uniq_frances
Shoals:2: serial_shops, shop, nicolae_shop_behind_doors,
          nicolae_shop_behind_doors, nicolae_shoals_mertower, uniq_polyphemus
Orc:1:    basic_altar
Orc:2:    grunt_orc_tribal_feast, bloody_trog, uniq_donald
Sewer:    kennysheep_door_sewer

Skill      XL: |  1  2  3  4  5  6  7  8  9 10 11 12 13 14 15 16 |
---------------+-------------------------------------------------+-----
Spellcasting   | 5 7 8 9 10 11 12 | 12.0
Invocations    | 1 2 5 6 7 8 9 10 11 | 11.9
Short Blades   | 1 2 5 6 7 8 9 10 11 | 11.0
Long Blades    | 1 2 5 6 7 8 9 10 11 | 11.0
Axes           | 1 2 5 6 7 8 9 10 11 | 11.0
Maces & Flails | 1 2 5 6 7 8 9 10 11 | 11.0
Polearms       | 1 2 5 6 7 8 9 10 11 | 11.0
Staves         | 1 2 5 6 7 8 9 10 11 | 11.0
Slings         | 1 2 5 6 7 8 9 10 11 | 11.0
Bows           | 1 2 5 6 7 8 9 10 11 | 11.0
Crossbows      | 1 2 5 6 7 8 9 10 11 | 11.0
Throwing       | 1 2 5 6 7 8 9 10 11 | 11.0
Armour         | 1 2 5 6 7 8 9 10 11 | 11.0
Stealth        | 1 2 5 6 7 8 9 10 11 | 11.0
Shields        | 1 2 5 6 7 8 9 10 11 | 11.0
Evocations     | 1 2 5 6 7 8 9 10 11 | 11.0
Conjurations   | 1 4 5 6 7 8 9 |  9.4
Hexes          | 1 4 5 6 7 8 9 |  9.4
Charms         | 1 4 5 6 7 8 9 |  9.4
Summonings     | 1 4 5 6 7 8 9 |  9.4
Necromancy     | 1 4 5 6 7 8 9 |  9.4
Translocations | 1 4 5 6 7 8 9 |  9.4
Fire Magic     | 1 4 5 6 7 8 9 |  9.4
Ice Magic      | 1 4 5 6 7 8 9 |  9.4
Air Magic      | 1 4 5 6 7 8 9 |  9.4
Earth Magic    | 1 4 5 6 7 8 9 |  9.4
Poison Magic   | 1 4 5 6 7 8 9 |  9.4
Fighting       | 3 5 6 7 8 9 10 11 | 11.3
Transmutations | 4 5 6 7 8 9 10 | 10.1
Dodging        | 5 6 7 8 9 10 11 | 11.8
Unarmed Combat | 8 9 10 11 12 | 12.5

Action                   |  1- 3 |  4- 6 |  7- 9 | 10-12 | 13-15 | 16-18 || total
-------------------------+-------+-------+-------+-------+-------+-------++-------
Melee: Unarmed           |    96 |   190 |   237 |   379 |   695 |   308 ||  1905
       Bite              |     9 |    11 |    24 |    66 |   134 |    62 ||   306
       Punch             |     3 |     1 |    11 |    33 |    54 |       ||   102
       Kick              |       |     2 |       |       |       |       ||     2
       Falchion          |       |       |       |     6 |       |       ||     6
       Scimitar          |       |       |       |       |   112 |       ||   112
Throw: Javelin           |       |       |     1 |     2 |     2 |    21 ||    26
       Throwing net      |       |       |       |       |       |     1 ||     1
 Cast: Beastly Appendage |     2 |     1 |       |       |       |       ||     3
       Spider Form       |       |    14 |       |       |       |       ||    14
       Blade Hands       |       |       |    11 |    36 |    46 |       ||    93
       Ice Form          |       |       |     1 |       |       |       ||     1
       Sticks to Snakes  |       |       |     1 |       |       |       ||     1
       Regeneration      |       |       |       |     4 |     7 |    13 ||    24
       Statue Form       |       |       |       |       |    22 |    23 ||    45
       Deflect Missiles  |       |       |       |       |     2 |       ||     2
Invok: Slouch            |       |       |       |     1 |     9 |     3 ||    13
 Abil: End Transformatio |       |       |       |       |     4 |       ||     4
  Use: Scroll            |       |       |    16 |    11 |    13 |     3 ||    43
       Potion            |       |       |     1 |     1 |     6 |       ||     8
 Stab: Sleeping          |     2 |     4 |    15 |    16 |    17 |     8 ||    62
       Distracted        |     1 |       |     1 |     1 |     3 |       ||     6
  Eat: Chunk             |       |     9 |     5 |    14 |    17 |     5 ||    50
       Ration            |       |       |     1 |     2 |     3 |     2 ||     8
Armor: Robe              |     8 |    10 |    20 |    13 |       |       ||    51
       Skin              |       |     3 |     3 |       |   129 |   155 ||   290
       Ring mail         |       |       |       |    45 |       |       ||    45
       Scale mail        |       |       |       |    12 |   150 |       ||   162
       Troll leather arm |       |       |       |       |    11 |     7 ||    18
Dodge: Dodged            |    55 |   122 |   213 |   345 |  1182 |   473 ||  2390
       Deflected         |       |       |       |       |     5 |     1 ||     6
Block: Buckler           |       |       |       |       |   161 |   217 ||   378
       Rpst.: Falchion   |       |       |       |     3 |       |       ||     3
       Scimitar          |       |       |       |       |    34 |       ||    34

Table legend:
 A = Non-vault XP
 B = Vault XP
 C = Vault XP percentage of total XP
 D = Non-vault monster count
 E = Vault monster count
 F = Vault count percentage of total count
                 A         B        C        D         E       F
            +---------+---------+-------+---------+---------+-------
      Total |  105337 |   71781 |  40.5 |     630 |     217 |  25.6
            +---------+---------+-------+---------+---------+-------
        D:1 |      43 |       4 |   8.5 |      20 |       2 |   9.1
        D:2 |     197 |       0 |   0.0 |      44 |       0 |   0.0
        D:3 |     268 |       0 |   0.0 |      40 |       0 |   0.0
        D:4 |     167 |       0 |   0.0 |      11 |       0 |   0.0
        D:5 |     339 |     210 |  38.3 |      14 |      10 |  41.7
        D:6 |    1025 |       6 |   0.6 |      31 |       2 |   6.1
        D:7 |     977 |       0 |   0.0 |      24 |       0 |   0.0
        D:8 |    1757 |    2165 |  55.2 |      32 |       8 |  20.0
        D:9 |    1925 |    1626 |  45.8 |      21 |      21 |  50.0
       D:10 |     386 |       0 |   0.0 |      12 |       0 |   0.0
       D:11 |    6515 |    2632 |  28.8 |      33 |       3 |   8.3
       D:12 |    6148 |       0 |   0.0 |      28 |       0 |   0.0
       D:13 |    4706 |   13627 |  74.3 |      29 |      40 |  58.0
       D:14 |    6663 |    3684 |  35.6 |      23 |       4 |  14.8
       D:15 |    4461 |    2989 |  40.1 |      11 |       1 |   8.3
     Lair:1 |    2480 |     907 |  26.8 |      13 |       1 |   7.1
     Lair:2 |    4304 |    1898 |  30.6 |      22 |       8 |  26.7
     Lair:3 |    3374 |    2948 |  46.6 |      11 |      30 |  73.2
     Lair:4 |    1726 |    2190 |  55.9 |       7 |       6 |  46.2
     Lair:5 |    6168 |       0 |   0.0 |      21 |       0 |   0.0
     Lair:6 |    7195 |   11765 |  62.1 |      26 |      30 |  53.6
   Shoals:1 |   11548 |    2377 |  17.1 |      28 |       1 |   3.4
   Shoals:2 |   17281 |   12824 |  42.6 |      29 |      13 |  31.0
   Shoals:3 |    6619 |       0 |   0.0 |      16 |       0 |   0.0
      Orc:1 |    5928 |       0 |   0.0 |      35 |       0 |   0.0
      Orc:2 |    3137 |    9789 |  75.7 |      49 |      31 |  38.8
      Sewer |       0 |     140 | 100.0 |       0 |       6 | 100.0
            +---------+---------+-------+---------+---------+-------
